 Dungeon Crawl Stone Soup version 0.30-a0-881-g1ff12e1e11 (webtiles) character file.

Game seed: 8102759877513176803

15964 retardedninja the Protected (level 12, -15/101 HPs)
             Began as an Armataur Fighter on Mar 14, 2023.
             Was a Priest of Hepliaklqana.
             Demolished by a cane toad (54 damage)
             ... on level 2 of the Lair of Beasts.
             The game lasted 00:19:13 (13863 turns).

retardedninja the Protected (Armataur Fighter)     Turns: 13863, Time: 00:19:13

Health: -15/101    AC: 20    Str: 25    XL:     12   Next: 5%
Magic:  12/12      EV:  1    Int: 10    God:    Hepliaklqana [***...]
Gold:   763        SH:  0    Dex: 10    Spells: 11/11 levels left

rFire   . . .      SeeInvis .    a - +3 war axe (freeze)
rCold   . . .      Faith    .    c - +1 buckler
rNeg    . . .      Spirit   .    G - +3 plate armour
rPois   .          Reflect  +    (no helmet)
rElec   .          Roll     +    J - scarf {repulsion}
rCorr   .                        (no gloves)
Will    .....                    (no barding) Stlth
                                 q - amulet of reflection
HPRegen 0.36/turn                g - +4 ring of protection
MPRegen 0.13/turn                (no ring)

@: sleeping, slowed, repel missiles
A: reduced essence, large, rugged brown scales 3, deformed body, armoured tail,
roll, long tongue, awkward tongue
a: Renounce Religion, Recall Ancestor, Ancestor Identity, Transference


You were on level 2 of the Lair of Beasts.
You worshipped Hepliaklqana.
Hepliaklqana was most pleased with you.
You visited 3 branches of the dungeon, and saw 14 of its levels.
You also visited: Bailey.

You collected 763 gold pieces.

Inventory:

Hand Weapons
 a - a +3 war axe of freezing (weapon)
Missiles
 j - 2 silver javelins
 A - 6 javelins
 B - 2 boomerangs (quivered)
Armour
 c - a +1 buckler (worn)
 G - a +3 plate armour (worn)
 J - a scarf of repulsion (worn)
Jewellery
 g - a +4 ring of protection (left hand)
 m - the amulet of Elemental Vulnerability {rPois rF-- rC-- AC+8}
   (You took it off a goblin on level 2 of the Dungeon)

   [amulet of nothing]

   AC:        It affects your AC (+8).
   rF:        It makes you very vulnerable to fire.
   rC:        It makes you very vulnerable to cold.
   rPois:     It protects you from poison.
 o - a ring of ice
 q - an amulet of reflection (around neck)
 I - an amulet of faith
Wands
 b - a wand of polymorph (2)
 e - a wand of flame (23)
 t - a wand of mindburst (3)
 y - a wand of charming (25)
 C - a wand of iceblast (10)
Scrolls
 f - a scroll of summoning {unknown}
 l - 2 scrolls of immolation
 p - 7 scrolls of teleportation
 r - 3 scrolls of magic mapping
 s - a scroll of torment
 u - a scroll of fog
 v - a scroll of poison
 w - 2 scrolls of fear
 D - 3 scrolls of blinking
 E - 2 scrolls of identify
Potions
 d - 3 potions of might
 h - 2 potions of resistance
 i - 2 potions of flight
 k - a potion of ambrosia
 n - 3 potions of curing
 x - 4 potions of haste
 z - a potion of heal wounds
 F - 4 potions of brilliance
Miscellaneous
 H - a condenser vane (inert)


   Skills:
 + Level 9.6 Fighting
 + Level 8.6 Axes
 + Level 12.4 Armour
 + Level 11.4 Shields


You had 11 spell levels left.
You didn't know any spells.
Your spell library contained the following spells:

 Spells                   Type           Power      Damage    Failure   Level
 Magic Dart               Conj           0%         1d3       98%         1
 Slow                     Hex            0%         N/A       98%         1
 Call Imp                 Summ           0%         N/A       99%         2
 Ensorcelled Hibernation  Hex/Ice        0%         N/A       99%         2
 Passwall                 Tmut/Erth      0%         N/A       99%         2
 Confusing Touch          Hex            0%         N/A       100%        3
 Mephitic Cloud           Conj/Pois/Air  0%         N/A       100%        3
 Swiftness                Air            0%         N/A       100%        3
 Vampiric Draining        Necr           0%         2d6       100%        3
 Anguish                  Hex/Necr       0%         N/A       100%        4
 Animate Dead             Necr           0%         N/A       100%        4
 Summon Ice Beast         Ice/Summ       0%         N/A       100%        4
 Borgnjor's Vile Clutch   Necr/Erth      0%         N/A       100%        5
 Summon Mana Viper        Hex/Summ       0%         N/A       100%        5
 Death Channel            Necr           0%         N/A       100%        6
 Enfeeble                 Hex            0%         N/A       100%        7
 Monstrous Menagerie      Summ           0%         N/A       100%        7


Dungeon Overview and Level Annotations

Branches:
Dungeon (11/15)            Temple (1/1) D:6            Lair (2/5) D:11
    Orc (0/2) D:9          Bailey (visited)
  Swamp: Lair:2-3    Shoals: Lair:2-3     Snake: Lair:2-3    Spider: Lair:2-3

Altars:
Ashenzari
Cheibriados
Dithmenos
Elyvilon
Fedhas
Gozag
Hepliaklqana
Kikubaaqudgha
Makhleb
Nemelex Xobeh
Okawaru
Qazlal
Ru
Sif Muna
Trog
Uskayaw
Vehumet
Wu Jian
Xom
Yredelemnul
Zin
The Shining One

Shops:
D:3 (   D:9 :

Annotations:
Lair:2 exclusion: 3 oklob plants


Innate Abilities, Weirdness & Mutations

Your life essence is reduced to manifest your ancestor. (-10% HP)
You are completely covered in rugged brown scales. (AC +3, +7% HP)
Armour fits poorly on your strangely shaped body.
You have a long armoured tail.
You roll when moving toward enemies. (Rampage)
Your long tongue fully drains potion bottles. (2x potion effects)
Your tongue gives you trouble enunciating. (1.5x scroll delay)


Message History

The torpor snail bites you!
You wake up.
You block the dream sheep's attack.
The dream sheep bites you but does no damage.
You are too injured to fight recklessly!
Unknown command.
You are too injured to fight recklessly!
Unknown command.
You are too injured to fight recklessly!
Unknown command.
You are too injured to fight recklessly!
The dream sheep attacks as you move away!
You block the dream sheep's attack.
The torpor snail attacks as you move away!
The torpor snail bites you! You block the dream sheep's attack.
You block the dream sheep's attack.
Retarded child completely misses the torpor snail.
You barely miss the torpor snail.
You tail-slap the torpor snail, but do no damage.
The torpor snail is almost dead.
You slash the fungus!
The fungus begins to die.
You freeze the fungus. You hit the cane toad but do no damage.
You hit the dream sheep. You freeze the dream sheep. The cane toad stings you!
You block the dream sheep's attack.
The dream sheep bites retarded child.
The cane toad stings you but does no damage.
Unknown command.
Unknown command.
Clouds of noxious fumes condense around you!
The condenser dries out!
The dream sheep is engulfed in noxious fumes.
The dream sheep appears confused.
The dream sheep is engulfed in noxious fumes.
The dream sheep shake their wool and sparkle.
You feel drowsy...
You fall asleep.
The dream sheep is engulfed in noxious fumes.
The dream sheep appears confused.
The dream sheep bites the torpor snail.
The dream sheep is engulfed in noxious fumes.
The dream sheep appears confused.
The dream sheep bites you but does no damage.
The cane toad stings you!!!
Ouch! That really hurt!
You die...

###.......## #...##
#.......... #.}..#
#........ #....#
#....... #..>## #..§Y§
#....# #§§§# ###...##
#§YY## #......# ##FwR#
##....## #§Y@P#
####....## ##§§##
##......### ## ##...#
#.#.......#
##.P#...#####........##
#............#.<###...##
................# ##...#
..#........#..### ##..#
## ##..(#...#..###
#####.. .# #.#.######..#
##.####.


You could see the friendly retarded child the battlemage (slow), a torpor snail
(ally target), a cane toad and 4 dream sheep.

Vanquished Creatures
  A two-headed ogre (D:9)
  3 cyclopes
  A torpor snail (Lair:2)
  2 cane toads (Lair:1)
  2 komodo dragons
  A kobold demonologist (D:9)
  A troll (D:11)
  A hornet (D:8)
  A vampire (D:10)
  16 yaks
  A wyvern (D:9)
  A shadow (D:11)
  A basilisk (Lair:1)
  A steam dragon (Lair:1)
  3 wargs (D:11)
  3 water moccasins
  An acid dragon (D:8)
  An ice beast (D:6)
  6 orc warriors
  A sky beast (D:8)
  3 black bears
  An ogre (D:5)
  Blork the orc (D:6)
  3 kobold brigands
  2 bullfrogs
  3 wights (D:10)
  9 howler monkeys
  3 hounds
  2 jellies
  2 orc priests (D:8)
  A gnoll bouda (D:7)
  3 iguanas
  6 orc wizards
  5 gnolls
  8 adders
  A white imp (D:6)
  2 ufetubi
  2 dart slugs
  25 orcs
  13 bats
  8 endoplasms
  2 giant cockroaches
  9 goblins
  7 hobgoblins
  14 jackals
  18 kobolds
  4 quokkas
  6 ball pythons
  6 frilled lizards
  4 rats
221 creatures vanquished.

Vanquished Creatures (collateral kills)
  A hydra (Lair:2)
  Sonja (D:11)
  A black mamba (Lair:1)
  An unseen horror (D:11)
  Psyche (D:10)
  A komodo dragon (Lair:1)
  2 trolls (D:11)
  A hornet (D:9)
  3 shadows
  A wraith (D:9)
  8 yaks
  A wyvern (D:10)
  4 water moccasins
  2 bullfrogs
  A gnoll sergeant (D:9)
  A wight (D:10)
  2 howler monkeys (D:10)
  A vampire bat (Lair:2)
  A crimson imp (D:10)
  An orc priest (D:11)
  A sleepcap (D:5)
  An orc wizard (D:11)
  2 gnolls
  An adder (D:5)
  A white imp (D:10)
  An orc (D:11)
  A bat (Lair:2)
43 creatures vanquished.

Vanquished Creatures (others)
  4 battlemagi
  2 fungi
  2 plants
8 creatures vanquished.

Grand Total: 272 creatures vanquished

Notes
Turn   | Place    | Note
-------+----------+-------------------------------------------
     0 | D:1      | retardedninja the Armataur Fighter began the quest for the
                  | Orb.
     0 | D:1      | Reached XP level 1. HP: 19/19 MP: 1/1
   178 | D:1      | Reached XP level 2. HP: 26/26 MP: 2/2
   693 | D:1      | Reached skill level 4 in Armour
   923 | D:2      | Reached XP level 3. HP: 32/33 MP: 3/3
  1139 | D:2      | Reached XP level 4. HP: 40/40 MP: 4/4
  1664 | D:3      | Found Guenonkau's Weapon Boutique.
  2436 | D:4      | Noticed a black bear
  2443 | D:4      | Killed a black bear
  2444 | D:4      | Reached XP level 5. HP: 18/49 MP: 5/5
  2802 | D:4      | Reached skill level 5 in Armour
  3237 | D:5      | Entered Level 5 of the Dungeon
  3292 | D:5      | Reached XP level 6. HP: 55/55 MP: 6/6
  3305 | D:5      | Reached skill level 5 in Shields
  3314 | D:5      | Reached XP level 7. HP: 34/63 MP: 7/7
  3953 | D:6      | Noticed a cyclops
  3962 | D:6      | Killed a cyclops
  3963 | D:6      | Reached skill level 5 in Fighting
  3963 | D:6      | Reached skill level 6 in Armour
  4218 | D:6      | Reached XP level 8. HP: 72/72 MP: 8/8
  4577 | D:6      | Reached skill level 7 in Armour
  4755 | D:6      | Found a staircase to the Ecumenical Temple.
  4766 | Temple   | Entered the Ecumenical Temple
  4944 | Temple   | Became a worshipper of Hepliaklqana the Forgotten
  5037 | D:6      | Noticed Blork the orc
  5044 | D:6      | Killed Blork the orc
  5322 | D:7      | You fall into a shaft and drop 1 floor!
  5374 | D:8      | Found a flagged portal.
  5411 | Bailey   | Entered a bailey
  5500 | Bailey   | Noticed an orc knight
  5840 | D:8      | Reached skill level 5 in Axes
  6045 | D:8      | Reached skill level 8 in Armour
  6045 | D:8      | Reached XP level 9. HP: 41/80 MP: 9/9
  6435 | D:8      | Paralysed by a hornet for 3 turns
  7749 | D:7      | Reached * piety under Hepliaklqana
  8113 | D:7      | Identified the +9 whip of the Forgotten Suns {holy, rElec
                  | rF+ rN+ Str-2}
  9010 | D:9      | Noticed a two-headed ogre
  9015 | D:9      | Killed a two-headed ogre
  9016 | D:9      | Reached skill level 9 in Armour
  9043 | D:9      | Reached ** piety under Hepliaklqana
  9044 | D:9      | Remembered your ancestor retarded child as a battlemage
  9079 | D:9      | Found a staircase to the Orcish Mines.
  9087 | D:9      | Noticed a kobold demonologist
  9093 | D:9      | Killed a kobold demonologist
  9102 | D:9      | Reached XP level 10. HP: 12/83 MP: 10/10
  9518 | D:9      | Found a radiant altar of Vehumet.
  9741 | D:9      | Found Tousass's Book Boutique.
 10175 | D:10     | Entered Level 10 of the Dungeon
 10244 | D:10     | Noticed Psyche
 10250 | D:10     | Killed Psyche
 10303 | D:10     | Reached skill level 10 in Armour
 10547 | D:10     | Found a shadowy altar of Dithmenos.
 10826 | D:10     | Noticed a cyclops
 10828 | D:10     | Killed a cyclops
 10961 | D:11     | Noticed a cyclops
 10970 | D:11     | Killed a cyclops
 11289 | D:11     | Noticed a +0 dagger
 11289 | D:11     | Noticed a +0 hand axe
 11291 | D:11     | Found a hide-covered altar of Uskayaw.
 11380 | D:11     | Reached *** piety under Hepliaklqana
 11382 | D:11     | Found a staircase to the Lair.
 11401 | D:11     | Reached skill level 10 in Shields
 11401 | D:11     | Reached XP level 11. HP: 57/92 MP: 11/11
 11410 | D:11     | Noticed Sonja
 11417 | D:11     | Killed Sonja
 11418 | D:11     | Reached skill level 11 in Armour
 12080 | Lair:1   | Entered Level 1 of the Lair of Beasts
 12696 | Lair:1   | Reached skill level 12 in Armour
 13212 | Lair:2   | Noticed a four-headed hydra
 13219 | Lair:2   | Killed a five-headed hydra
 13220 | Lair:2   | Reached XP level 12. HP: 101/101 MP: 12/12
 13863 | Lair:2   | Demolished by a cane toad

Illustrated notes

Levels and vault maps discovered:
D:1:      noname_arrival_rooms_in_the_neighbourhood, layout_basic
D:2:      layout_loops_ring
D:3:      layout_loops_ring, serial_shops, nicolae_shop_bloodbath_and_beyond,
          minivault_5, chequers_serial_rivers_marsh
D:4:      layout_loops_ring, st_stairs_11, hangedman_decor_growths
D:5:      layout_rooms
D:6:      wander_river, layout_basic, minmay_temple_entry_offerings,
          uniq_blork_the_orc
D:7:      layout_cave_pods
D:8:      layout_basic, enter_bailey_3
D:9:      layout_long_grid, general_overflow_altar, david_orc_3, serial_shops,
          nicolae_shop_behind_doors, grunt_decor_one_mirror
D:10:     layout_roguey, grunt_dithmenos_shadows,
          hangedman_abyss_or_decor_lesser_grid, minmay_fire_ice_demons,
          uniq_psyche
D:11:     layout_roguey, erik_lair_orcish_takeover, nrook_mini_backslash,
          dancing_weapons_uskayaw, uniq_sonja
Temple:   nicolae_temple_slightly_damp_pantheon
Lair:1:   layout_roguey
Lair:2:   layout_concentric_octagons, roderic_batcave, disabler_island

Skill      XL: |  1  2  3  4  5  6  7  8  9 10 11 |
---------------+----------------------------------+-----
Armour         | 4 5 6 8 9 10 12 | 12.4
Fighting       | 3 4 5 6 7 8 9 |  9.6
Axes           | 2 3 4 5 6 7 8 |  8.6
Shields        | 4 5 6 7 8 10 11 | 11.4

Action                     |  1- 3 |  4- 6 |  7- 9 | 10-12 || total
---------------------------+-------+-------+-------+-------++-------
  Melee: War axe           |    79 |   123 |   241 |   166 ||   609
         Tailslap          |    10 |    15 |    27 |    33 ||    85
  Throw: Javelin           |       |     5 |    34 |    11 ||    50
         Boomerang         |       |       |     5 |    30 ||    35
 Invoke: Ancestor Life: Ba |       |       |     1 |       ||     1
         Ancestor Identity |       |       |     1 |       ||     1
  Evoke: Wand              |       |     3 |     8 |    14 ||    25
         Condenser vane    |       |       |       |     1 ||     1
    Use: Scroll            |       |       |    25 |     1 ||    26
         Potion            |       |       |     4 |     3 ||     7
   Stab: Distracted        |       |       |       |     3 ||     3
 Armour: Scale mail        |    52 |    93 |    65 |       ||   210
         Chain mail        |       |       |    31 |       ||    31
         Plate armour      |       |       |   114 |   100 ||   214
  Dodge: Dodged            |    32 |    51 |    85 |    30 ||   198
         Repelled          |       |       |       |     1 ||     1
  Block: Buckler           |    20 |    31 |    76 |   109 ||   236
         Reflection        |       |       |       |     3 ||     3

Table legend: (Time is in decaauts)
 A = Elapsed time spent in this place.
 B = Non-inter-level travel time spent in this place.
 C = Inter-level travel time spent in this place.
 D = Time resting spent in this place.
 E = Time spent auto-exploring this place.
 F = Levels seen in this place.
 G = Mean time per level.
                   A        B        C        D        E       F      G
               +--------+--------+--------+--------+--------+-----+--------+
         Total |  14094 |  13699 |    395 |   3636 |   8143 |  15 |  939.6 |
       Dungeon |  11978 |  11637 |    341 |   3034 |   7043 |  11 | 1088.9 |
        Temple |    197 |    179 |     18 |      0 |    145 |   1 |  197.0 |
          Lair |   1811 |   1775 |     36 |    591 |    955 |   2 |  905.5 |
        Bailey |    106 |    106 |      0 |     10 |      0 |   1 |  106.0 |
               +--------+--------+--------+--------+--------+-----+--------+

Top non-repeatable levels by time:
     D:8: 2797 daAuts
     D:6: 1188 daAuts
     D:9: 1181 daAuts
    D:11: 1136 daAuts
  Lair:1: 1098 daAuts
     D:1: 927 daAuts
     D:7: 908 daAuts
     D:3: 904 daAuts
     D:4: 820 daAuts
    D:10: 784 daAuts
  Lair:2: 712 daAuts
     D:2: 669 daAuts
     D:5: 660 daAuts
  Temple: 197 daAuts
  Bailey: 106 daAuts
